 Dungeon Crawl Stone Soup version 0.29-a0-878-g7b45a56547 (webtiles) character file.

Game seed: 13486976622295022453

39755 LynnLen the Imperceptible (level 13, -3/84 HPs)
             Began as a Vampire Enchanter on July 20, 2022.
             Was a High Priest of Dithmenos.
             Slain by a komodo dragon (19 damage)
             ... on level 5 of the Lair of Beasts.
             The game lasted 00:50:25 (18793 turns).

LynnLen the Imperceptible (Vampire Enchanter)      Turns: 18793, Time: 00:50:27

Health: -3/84      AC: 12    Str: 12    XL:     13   Next: 70%
Magic:  22/22      EV: 17    Int: 18    God:    Dithmenos [*****.]
Gold:   688        SH:  0    Dex: 17    Spells: 10/24 levels left

rFire   + . .      SeeInvis +   a - +9 dagger (elec)
rCold   + + +      Faith    .   E - orb {guile}
rNeg    + + +      Spirit   .   q - +1 leather armour {rC+}
rPois   ∞          Reflect  .   (no helmet)
rElec   .          Harm     .   f - +2 cloak
rCorr   .          Rampage  +   H - +0 pair of gloves
Will    .....                   u - +2 pair of boots "Kiggaegg" {Rampage rPois rC+ Str+3} Stlth *******+++
                                l - amulet of magic regeneration
HPRegen 0.00/turn               J - +4 ring of slaying
MPRegen 0.58/turn               O - ring of protection from fire

@: bloodless, inhibited regen, wreathed by umbra
A: bloodless, fangs 3, see invisible, vampiric 2, claws 1
a: Bat Form, Revivify, Renounce Religion, Shadow Step, Shadow Form


You were on level 5 of the Lair of Beasts.
You worshipped Dithmenos.
Dithmenos was extremely pleased with you.
You visited 3 branches of the dungeon, and saw 15 of its levels.

You collected 1122 gold pieces.
You spent 434 gold pieces at shops.

Inventory:

Hand Weapons
 a - a +9 dagger of electrocution (weapon)
Missiles
 i - 4 atropa-tipped darts (quivered)
 r - 2 throwing nets
 v - 2 silver boomerangs
 C - 40 poisoned darts
Armour
 f - a +2 cloak (worn)
 o - a +4 ring mail
 q - a +1 leather armour of cold resistance (worn)
 u - the +2 pair of boots "Kiggaegg" (worn) {Rampage rPois rC+ Str+3}
   (You acquired it on level 8 of the Dungeon)

   Str:       It affects your strength (+3).
   rC:        It protects you from cold.
   rPois:     It protects you from poison.
   Rampage:   It bestows one free step when moving towards enemies.
 z - a scarf of harm
 E - an orb of guile (worn)
 H - a +0 pair of gloves (worn)
Jewellery
 l - an amulet of magic regeneration (around neck)
 n - a ring of resist corrosion
 G - a ring of protection from cold
 J - a +4 ring of slaying (left hand)
 K - a +6 ring of strength
 M - a ring of flight
 O - a ring of protection from fire (right hand)
 Q - a +4 ring of evasion
Wands
 j - a wand of paralysis (13)
 x - a wand of flame (25)
 A - a wand of digging (2)
 L - a wand of iceblast (20)
 T - a wand of polymorph (3)
Scrolls
 d - 3 scrolls of vulnerability
 k - 3 scrolls of teleportation
 m - 3 scrolls of amnesia
 p - a scroll of brand weapon
 w - 2 scrolls of fog
 y - a scroll of fear
 D - a scroll of blinking
 F - a scroll of summoning
 N - 2 scrolls of enchant armour
Potions
 b - 3 potions of brilliance
 c - a potion of cancellation
 e - a potion of berserk rage
 g - 2 potions of magic
 h - 3 potions of flight
 s - a potion of attraction
 t - a potion of haste
 B - 2 potions of resistance
 P - 2 potions of invisibility
 S - 2 potions of curing


   Skills:
 * Level 11.4 Fighting
 - Level 10.0 Short Blades
 + Level 4.1 Armour
 + Level 9.6 Dodging
 + Level 21.9 Stealth
 * Level 6.0 Spellcasting
 - Level 4.4 Hexes


You had 10 spell levels left.
You knew the following spells:

 Your Spells              Type           Power      Damage    Failure   Level
a - Confusing Touch       Hex            21%        N/A       8%          3
b - Tukima's Dance        Hex            21%        N/A       8%          3
c - Ensorcelled Hibernat  Hex/Ice        26%        N/A       10%         2
d - Passwall              Tmut/Erth      4%         N/A       22%         2
e - Dazzling Flash        Conj/Hex       26%        N/A       19%         3
f - Shock                 Conj/Air       20%        1d4       16%         1

Your spell library contained the following spells:

 Spells                   Type           Power      Damage    Failure   Level
 Foxfire                  Conj/Fire      20%        2x1d5     16%         1
 Sandblast                Erth           10%        2d5       16%         1
 Inner Flame              Hex/Fire       13%        N/A       19%         3
 Conjure Flame            Conj/Fire      5%         6-21      41%         3
 Stone Arrow              Conj/Erth      10%        3d7       41%         3
 Swiftness                Air            5%         N/A       41%         3
 Airstrike                Air            2%         0-2+      83%         4
 Animate Armour           Summ/Erth      10%        N/A       83%         4
 Flame Wave               Conj/Fire      5%         2d5       83%         4
 Iskenderun's Mystic Bla  Conj/Tloc      5%         2d3       83%         4
 Fireball                 Conj/Fire      2%         3d4       99%         5
 Summon Forest            Summ/Tloc      2%         N/A       99%         5
 Eringya's Noxious Bog    Tmut/Pois      2%         N/A       100%        6
 Starburst                Conj/Fire      2%         6d3       100%        6
 Summon Hydra             Summ           2%         N/A       100%        7
 Ignition                 Fire           2%         3d3       100%        8
 Lehudib's Crystal Spear  Conj/Erth      2%         10d2      100%        8


Dungeon Overview and Level Annotations

Branches:
Dungeon (9/15)             Temple (1/1) D:6            Lair (5/5) D:9
  Swamp (0/4) Lair:2        Snake (0/4) Lair:3        Slime (0/5) Lair:4
    Orc (0/2) D:9

Altars:
Ashenzari
Cheibriados
Dithmenos
Fedhas
Gozag
Hepliaklqana
Kikubaaqudgha
Makhleb
Nemelex Xobeh
Okawaru
Qazlal
Trog
Uskayaw
Vehumet
Wu Jian
Xom
Yredelemnul
Ignis

Shops:
D:8 ?

Annotations:
Lair:1 2 transporters
Lair:5 2 runed translucent doors


Innate Abilities, Weirdness & Mutations

You do not regenerate when monsters are visible.
You are frail without blood (-20% HP).
You can heal yourself when you bite living creatures.
You are immune to poison.
You have razor-sharp teeth.
You have supernaturally acute eyesight. (SInv)
You are afflicted with vampirism and can become a bat while bloodless.
You have sharp fingernails.


Message History

You puncture the molten gargoyle!
The molten gargoyle is moderately damaged.
The molten gargoyle hits you but does no damage.
You hit the molten gargoyle.
The molten gargoyle is heavily damaged.
You hit the molten gargoyle. Your bite misses the molten gargoyle.
The molten gargoyle is severely damaged.
The molten gargoyle blasts magma at you!
The bolt of magma hits you!! You partially resist.
You puncture the molten gargoyle!
You destroy the molten gargoyle!
Dithmenos accepts your kill.
You hit the komodo dragon but do no damage.
You puncture the komodo dragon!
The komodo dragon is moderately wounded.
The komodo dragon misses you.
You puncture the komodo dragon!
The komodo dragon is heavily wounded.
You closely miss the komodo dragon.
The komodo dragon is heavily wounded.
You rampage towards the basilisk!
You puncture the basilisk!
The basilisk is moderately wounded.
The basilisk bites you. The basilisk completely misses you.
You puncture the basilisk!
The basilisk is heavily wounded.
Your shadow misses the basilisk. The komodo dragon barely misses you.
You hit the basilisk.
The basilisk is heavily wounded.
Your shadow hits the basilisk with a dagger.
The basilisk gazes at you.
You are slowing down.
The basilisk bites you.
You feel limber!
You feel magically purged.
The komodo dragon bites you but does no damage.
The basilisk gazes at you.
You struggle to resist.
The basilisk bites you!
* * * LOW HITPOINT WARNING * * *
The komodo dragon bites you!!
You die...

§§≈##.........### ≈#
.. #≈≈#÷...........#
#≈# ..
##≈≈.#.........###≈≈##
#.
8##..#..§§§...##§≈≈≈≈#
..
.#..###≈§§§§##§§§≈≈§≈
...
...≈.S§§≈§≈##≈§§§§##≈
...
..#≈≈.§§§≈≈#§≈..≈§#
...
..≈≈.######≈≈≈§l†## ..
.. #≈≈.##
##≈≈##@##8#.# .....
≈§≈÷#?$ #≈≈#ll....#
#..P# ..≈≈#..
.#§#§.....#8# #..#
..#≈#... ..#§≈§.....#
## #...
..#≈#....D.#§§§.....#
#.##...
.##≈##....##≈≈#.....#
#...8. ##≈≈§ #++#
≈≈≈#...... ##.... #
#≈§ ..≈≈≈≈#........
#..... §# §..
......... ##.8.8


You could see a komodo dragon and 2 basilisks.

Vanquished Creatures
  A boulder beetle (Lair:2)
  2 hydras (Lair:5)
  A centaur warrior (D:8)
  Urug (Lair:3)
  Pikel (D:7)
  A lindwurm (Lair:5)
  A will-o-the-wisp (Lair:2)
  8 elephants
  2 black mambas
  2 molten gargoyles (Lair:5)
  8 cane toads
  17 komodo dragons
  A rime drake (Lair:3)
  3 polar bears
  Prince Ribbit (D:7)
  A troll (D:9)
  22 blink frogs
  5 dream sheep (Lair:5)
  A shadow (D:8)
  5 wyverns
  A wraith (D:9)
  59 yaks
  3 steam dragons
  9 basilisks
  2 nagas (Lair:3)
  12 water moccasins
  4 hell hounds (Lair:5)
  Duvessa (D:7)
  5 black bears
  2 ice beasts
  A sky beast (D:6)
  6 orc warriors (D:9)
  3 ogres
  8 wolves
  2 lemures (D:7)
  5 kobold brigands (D:9)
  A phantom (D:6)
  Blork the orc (D:6)
  12 bullfrogs
  4 scorpions
  3 necrophages
  4 wights (D:9)
  Dowan (D:7)
  4 killer bees (D:8)
  An electric eel (Lair:3)
  2 hounds (D:4)
  3 lava snakes (Lair:5)
  A jelly (D:6)
  A gnoll bouda (D:8)
  5 orc priests
  7 iguanas
  5 orc wizards
  13 hell rats (Lair:4)
  A hound skeleton (D:7)
  11 adders
  12 gnolls
  A shadow imp (D:7)
  3 worms
  6 dart slugs
  26 orcs
  7 endoplasms
  3 giant cockroaches
  9 goblins
  6 hobgoblins
  4 jackals (D:3)
  12 kobolds
  3 quokkas
  5 ball pythons
  5 bats
  5 frilled lizards
  2 rats
396 creatures vanquished.

Vanquished Creatures (others)
  85 fungi
  76 plants
161 creatures vanquished.

Grand Total: 557 creatures vanquished

Notes
Turn   | Place    | Note
-------+----------+-------------------------------------------
     0 | D:1      | LynnLen the Vampire Enchanter began the quest for the Orb.
     0 | D:1      | Reached XP level 1. HP: 13/13 MP: 3/3
   723 | D:1      | Reached XP level 2. HP: 16/16 MP: 5/5
  1160 | D:1      | Reached skill level 5 in Stealth
  1588 | D:2      | Reached skill level 1 in Fighting
  1588 | D:2      | Gained mutation: You are afflicted with vampirism and can
                  | become a bat while bloodless. [Vampire growth]
  1588 | D:2      | Reached XP level 3. HP: 20/20 MP: 6/6
  1592 | D:2      | Learned a level 3 spell: Confusing Touch
  1596 | D:2      | Learned a level 3 spell: Tukima's Dance
  2445 | D:2      | Reached XP level 4. HP: 24/25 MP: 7/7
  2916 | D:3      | Reached skill level 6 in Stealth
  3092 | D:3      | Noticed an earth elemental
  3093 | D:3      | Found a stormy altar of Qazlal.
  3098 | D:3      | Noticed an air elemental
  3152 | D:3      | Found a faded altar of an unknown god.
  3497 | D:3      | Noticed a water elemental
  3498 | D:3      | Noticed a fire elemental
  3769 | D:3      | Reached XP level 5. HP: 28/30 MP: 8/8
  4003 | D:4      | Reached skill level 7 in Stealth
  4003 | D:4      | Reached XP level 6. HP: 35/35 MP: 9/9
  4076 | D:5      | Entered Level 5 of the Dungeon
  4503 | D:5      | Reached skill level 5 in Short Blades
  4503 | D:5      | Reached XP level 7. HP: 28/40 MP: 10/10
  4627 | D:5      | Reached skill level 8 in Stealth
  6069 | D:6      | Reached XP level 8. HP: 46/46 MP: 11/11
  6100 | D:6      | Reached skill level 9 in Stealth
  6385 | D:6      | Noticed Blork the orc
  6388 | D:6      | Killed Blork the orc
  6389 | D:6      | Reached skill level 10 in Stealth
  6443 | D:6      | Found a staircase to the Ecumenical Temple.
  6461 | Temple   | Entered the Ecumenical Temple
  6477 | Temple   | Became a worshipper of Dithmenos the Shadowed
  7169 | D:7      | Found a blossoming altar of Fedhas.
  7188 | D:7      | Noticed Duvessa
  7188 | D:7      | Noticed Dowan
  7208 | D:7      | Killed Dowan
  7211 | D:7      | Killed Duvessa
  7212 | D:7      | Reached skill level 11 in Stealth
  7212 | D:7      | Reached XP level 9. HP: 53/53 MP: 12/12
  7383 | D:7      | Reached skill level 5 in Fighting
  7430 | D:7      | Found a burning altar of Makhleb.
  7625 | D:7      | Noticed Pikel
  7644 | D:7      | Killed Pikel
  7644 | D:7      | Reached * piety under Dithmenos
  7645 | D:7      | Reached skill level 12 in Stealth
  7734 | D:7      | Noticed Prince Ribbit
  7741 | D:7      | Killed Prince Ribbit
  7756 | D:7      | Found an iron altar of Okawaru.
  7756 | D:7      | Found an ornate altar of the Wu Jian Council.
  8058 | D:8      | Found Ashiomeu's Magic Scroll Boutique.
  8093 | D:8      | Bought a scroll of identify for 30 gold pieces
  8093 | D:8      | Bought a scroll of identify for 30 gold pieces
  8093 | D:8      | Bought a scroll of identify for 30 gold pieces
  8093 | D:8      | Bought a scroll of summoning for 142 gold pieces
  8093 | D:8      | Bought a scroll of identify for 30 gold pieces
  8093 | D:8      | Bought a scroll of vulnerability for 60 gold pieces
  8093 | D:8      | Bought a scroll of blinking for 112 gold pieces
  8143 | D:8      | Identified a scroll of acquirement
  8187 | D:8      | Noticed a centaur warrior
  8204 | D:8      | Reached skill level 13 in Stealth
  8240 | D:8      | Killed a centaur warrior
  8241 | D:8      | Reached skill level 5 in Dodging
  8241 | D:8      | Reached XP level 10. HP: 32/60 MP: 13/13
  8260 | D:8      | Reached skill level 14 in Stealth
  8464 | D:8      | Acquired the +2 pair of boots "Kiggaegg" {Rampage rPois rC+
                  | Str+3}
  9018 | D:8      | Found an ancient bone altar of Kikubaaqudgha.
  9398 | D:9      | Reached skill level 10 in Short Blades
  9562 | D:9      | Reached skill level 15 in Stealth
  9634 | D:9      | Reached ** piety under Dithmenos
  9635 | D:9      | Reached skill level 16 in Stealth
  9639 | D:9      | Reached XP level 11. HP: 36/68 MP: 14/14
  9744 | D:9      | Found a staircase to the Lair.
 10222 | D:9      | Found a staircase to the Orcish Mines.
 10871 | Lair:1   | Entered Level 1 of the Lair of Beasts
 10957 | Lair:1   | Reached *** piety under Dithmenos
 10965 | Lair:1   | Reached skill level 17 in Stealth
 11566 | Lair:1   | Found a transporter.
 11567 | Lair:1   | Found a transporter.
 11567 | Lair:1   | Noticed a boulder beetle
 11959 | Lair:2   | Noticed a boulder beetle
 12131 | Lair:2   | Killed a boulder beetle
 12132 | Lair:2   | Reached skill level 18 in Stealth
 12663 | Lair:1   | Learned a level 2 spell: Ensorcelled Hibernation
 12666 | Lair:1   | Learned a level 2 spell: Passwall
 12670 | Lair:1   | Learned a level 3 spell: Dazzling Flash
 12672 | Lair:1   | Learned a level 1 spell: Shock
 12740 | Lair:2   | Reached skill level 1 in Armour
 13061 | Lair:2   | Reached XP level 12. HP: 76/76 MP: 15/15
 13433 | Lair:2   | Found a staircase to the Swamp.
 13490 | Lair:2   | Gained mutation: You occasionally lose the ability to drink
                  | potions when taking damage. [potion of mutation]
 13491 | Lair:2   | Lost mutation: You occasionally lose the ability to drink
                  | potions when taking damage. [potion of mutation]
 13491 | Lair:2   | Gained mutation: You have sharp fingernails. [potion of
                  | mutation]
 13934 | Lair:2   | Identified the +5 broad axe of Makhleb's Indignation
                  | {vorpal, rN+ Str-5 Int+2}
 14026 | Lair:2   | Reached skill level 19 in Stealth
 14733 | Lair:3   | Noticed Urug
 14739 | Lair:3   | Killed Urug
 14740 | Lair:3   | Reached skill level 10 in Fighting
 14852 | Lair:3   | Reached **** piety under Dithmenos
 15350 | Lair:3   | Found a staircase to the Snake Pit.
 15988 | Lair:4   | Reached skill level 20 in Stealth
 16137 | Lair:4   | Reached XP level 13. HP: 52/83 MP: 20/20
 16417 | Lair:4   | Found an ancient bone altar of Kikubaaqudgha.
 16504 | Lair:4   | Reached ***** piety under Dithmenos
 16701 | Lair:4   | Found a staircase to the Slime Pits.
 17190 | Lair:5   | Entered Level 5 of the Lair of Beasts
 17208 | Lair:5   | Reached skill level 5 in Spellcasting
 17413 | Lair:5   | Reached skill level 21 in Stealth
 18443 | Lair:5   | Noticed a fire dragon
 18444 | Lair:5   | Found a large runed translucent door.
 18450 | Lair:5   | Found a large runed translucent door.
 18793 | Lair:5   | Slain by a komodo dragon

Illustrated notes

Levels and vault maps discovered:
D:1:      minmay_arrival_shoal_huts, layout_rooms, serial_co_window_serial,
          co_window_paths_b, co_window_corner_a, co_window_paths_a,
          co_window_paths_b, co_window_paths_b, co_window_corner_ca,
          co_window_corner_b, co_window_corner_ca, co_window_2corner,
          glass_columns_a, glass_columns_a, glass_columns_b,
          corexii_leaking_fountain, kennysheep_pointless_box
D:2:      layout_basic
D:3:      layout_loops_ring, nicolae_qazlal_style_of_elements,
          chequers_ecumenical_altar_simple
D:4:      layout_cave_pools
D:5:      layout_basic, elyvilon_altar_5, nicolae_ossuary_entry_ruins
D:6:      layout_loops_ring, temple_fountains, kennysheep_donut,
          uniq_blork_the_orc
D:7:      layout_basic, mainiacjoe_overflow_24_doors,
          makhleb_blood_cavern_becter, gammafunk_temple_overflow_pools,
          uniq_duvessa, uniq_prince_ribbit1, uniq_pikel
D:8:      layout_basic, mainiacjoe_overflow_cross_hatched, serial_shops,
          shop_coins
D:9:      layout_roguey, due_lair_maze_entry_diamond,
          kennysheep_orc_monster_closet_entryway
Temple:   pdpol_scorched_temple
Lair:1:   gammafunk_boulding_lane, layout_regular_city,
          dreamdust_mushroom_princess
Lair:2:   layout_regular_city, minmay_swamp_entry_wisps,
          chequers_serial_rivers_large_a, cheibrodos_lair_reptile_den,
          grunt_megastairs_5, infiniplex_staircase_pool_2
Lair:3:   layout_cellular_growth, guppyfry_snake_entry_garden,
          serial_bayou_shore_b, serial_bayou_shore_a, uniq_urug
Lair:4:   layout_regular_city, dpeg_slime_entry_enclosed, basic_altar,
          infiniplex_staircase_pool
Lair:5:   cheibrodos_lair_end_hotspot, layout_cellular_growth,
          kennysheep_basilisk_garden

Skill      XL: |  1  2  3  4  5  6  7  8  9 10 11 12 13 |
---------------+----------------------------------------+-----
Stealth        | 5 6 7 8 11 13 16 18 20 21 | 21.9
Fighting       | 1 2 3 4 6 7 9 10 11 | 11.4
Short Blades   | 2 3 4 5 6 7 9 10 | 10.0
Dodging        | 3 4 5 6 7 8 9 |  9.6
Armour         | 1 3 4 |  4.1
Spellcasting   | 4 6 |  6.0
Hexes          | |  4.4

Action                   |  1- 3 |  4- 6 |  7- 9 | 10-12 | 13-15 || total
-------------------------+-------+-------+-------+-------+-------++-------
Melee: Dagger            |    98 |   147 |   210 |   725 |   278 ||  1458
       Bite              |    12 |    17 |    30 |   104 |    49 ||   212
       Punch             |       |       |     5 |     1 |       ||     6
 Cast: Confusing Touch   |     1 |     1 |     4 |     5 |     2 ||    13
       Dazzling Flash    |       |       |       |     2 |       ||     2
       Shock             |       |       |       |     4 |       ||     4
 Abil: Exsanguinate      |     1 |       |       |       |       ||     1
  Use: Scroll            |     2 |    13 |    11 |    11 |     3 ||    40
       Potion            |       |       |       |    16 |     2 ||    18
 Stab: Sleeping          |    12 |    12 |    19 |    48 |    27 ||   118
       Confused          |     1 |       |     2 |     7 |     2 ||    12
       Distracted        |       |     1 |     2 |     3 |     1 ||     7
       Invisible         |       |       |       |     5 |       ||     5
Armor: Robe              |     7 |       |       |       |       ||     7
       Leather armour    |     9 |    37 |    43 |   108 |    76 ||   273
Dodge: Dodged            |    48 |    52 |    93 |   358 |   256 ||   807

Table legend: (Time is in decaauts)
 A = Elapsed time spent in this place.
 B = Non-inter-level travel time spent in this place.
 C = Inter-level travel time spent in this place.
 D = Time resting spent in this place.
 E = Time spent auto-exploring this place.
 F = Levels seen in this place.
 G = Mean time per level.
                   A        B        C        D        E       F      G
               +--------+--------+--------+--------+--------+-----+--------+
         Total |  18216 |  18216 |      0 |   3577 |   8426 |  15 | 1214.4 |
       Dungeon |  10531 |  10531 |      0 |   1118 |   5503 |   9 | 1170.1 |
        Temple |     61 |     61 |      0 |      0 |      0 |   1 |   61.0 |
          Lair |   7623 |   7623 |      0 |   2459 |   2923 |   5 | 1524.6 |
               +--------+--------+--------+--------+--------+-----+--------+

Top non-repeatable levels by time:
  Lair:2: 2181 daAuts
  Lair:1: 1686 daAuts
     D:5: 1658 daAuts
     D:9: 1579 daAuts
     D:1: 1527 daAuts
  Lair:5: 1488 daAuts
  Lair:4: 1214 daAuts
     D:2: 1172 daAuts
     D:8: 1122 daAuts
     D:3: 1064 daAuts
  Lair:3: 1052 daAuts
     D:6: 989 daAuts
     D:7: 822 daAuts
     D:4: 594 daAuts
  Temple: 61 daAuts
